 Dungeon Crawl Stone Soup version 0.27-a0-1590-g15f69828bf (webtiles) character file.

Game seed: 13087990084772836565

196 Demosthentine the Poker (level 5, -12/41 HPs)
             Began as a Merfolk Gladiator on July 19, 2021.
             Mangled by an ogre (26 damage)
             ... on level 4 of the Dungeon.
             The game lasted 00:02:39 (2562 turns).

Demosthentine the Poker (Merfolk Gladiator)         Turns: 2562, Time: 00:02:40

Health: -12/41     AC:  5    Str: 22    XL:     5   Next: 75%
Magic:  5/5        EV: 15    Int:  7    God:
Gold:   184        SH:  0    Dex: 21    Spells: 4/4 levels left

rFire    . . .     SeeInvis .   a - +1 trident
rCold    . . .     Faith    .   (no shield)
rNeg     . . .     Spirit   .   b - +0 leather armour
rPois    .         Reflect  .   c - +1 helmet
rElec    .         Harm     .   (no cloak)
rCorr    .         Rampage  .   (no gloves)
Will     .....                  (no boots)
Stlth    ++........             g - amulet of regeneration
HPRegen  1.13/turn              h - +6 ring of strength
MPRegen  0.09/turn              n - +6 ring of dexterity

@: no status effects
A: (nimble swimmer 2), mertail
a: no special abilities


You were on level 4 of the Dungeon.
You visited 1 branch of the dungeon, and saw 4 of its levels.

You collected 184 gold pieces.

Inventory:

Hand Weapons
 a - a +1 trident (weapon)
Missiles
 d - 2 throwing nets (quivered)
Armour
 b - a +0 leather armour (worn)
 c - a +1 helmet (worn)
Jewellery
 g - an amulet of regeneration (around neck)
 h - a +6 ring of strength (left hand)
 n - a +6 ring of dexterity (right hand)
Scrolls
 i - a scroll of holy word {unknown}
 m - a scroll of teleportation
Potions
 e - 2 potions of heal wounds
 f - 2 potions of curing {unknown}


   Skills:
 + Level 3.5 Fighting
 + Level 5.9 Polearms
 - Level 2.0 Throwing
 + Level 1.7 Armour
 + Level 5.3 Dodging


You had 4 spell levels left.
You didn't know any spells.
Your spell library contained the following spells:

 Spells                   Type           Power      Damage    Failure   Level
 Dazzling Flash           Conj/Hex       0%         N/A       85%         3
 Agony                    Necr           0%         N/A       100%        5
 Silence                  Hex/Air        0%         N/A       100%        5


Dungeon Overview and Level Annotations

Branches:
Dungeon (4/15)
 Temple: D:4-7

Altars:

Annotations:
D:4 2 transporters, Zonian's ghost, amateur VSCj


Innate Abilities, Weirdness & Mutations

((You are quick and stealthy near water. (Stealth+, EV+, Speed+++)))
Your lower body shifts to a powerful aquatic tail in water.


Message History

The adder is heavily wounded.
The adder bites you but does no damage.
You puncture the adder!
You kill the adder!
An ogre is nearby!
You barely miss the ogre. The ogre closely misses you.
An ogre is nearby!
You puncture the ogre!
The ogre is moderately wounded.
An ogre is nearby!
You hit the ogre but do no damage.
The ogre is moderately wounded.
The ogre hits you with a +0 giant spiked club!!
Ouch! That really hurt!
* * * LOW HITPOINT WARNING * * *
Throw: 3 throwing nets
Press: ? - help, Q - select action Shift-Dir - straight line, f - ogre
Aim: an ogre, wielding a +0 giant spiked club (moderately wounded, 77% to hit)
You throw a throwing net. The throwing net hits the ogre.
The ogre is caught in the net!
The ogre is moderately wounded.
The ogre struggles against the net.
You puncture the ogre!
The ogre is severely wounded.
The ogre struggles against the net.
You hit the ogre but do no damage.
The ogre is severely wounded.
The ogre struggles against the net.
You hit the ogre.
The ogre is severely wounded.
The ogre struggles against the net.
You hit the ogre.
The ogre is almost dead.
The ogre struggles against the net.
The net rips apart, and the ogre comes free!
You hit the ogre but do no damage.
The ogre is almost dead.
The ogre hits you with a +0 giant spiked club!!
Ouch! That really hurt!
You die...

#.# #...#..##...##..
#.# #...#.....©.....
#.# #...#..##...##..
#.# #...#..#8... #..
#.# .##...##.. #.#
.......... #.#
.......... #.#####
########## #..@O.#
....©.....
#####....####.......
...+..........
..######..... ...
........ ## ###.....
######


You could see an ogre.

Vanquished Creatures
  A hound (D:2)
  2 orc wizards (D:3)
  A gnoll (D:1)
  6 adders
  A worm (D:2)
  A dart slug (D:4)
  An orc (D:3)
  An endoplasm (D:1)
  2 giant cockroaches (D:1)
  3 goblins (D:1)
  5 hobgoblins
  7 kobolds
  2 quokkas (D:3)
  6 ball pythons
  3 bats
  5 frilled lizards
  7 rats
54 creatures vanquished.

Notes
Turn   | Place    | Note
-------+----------+-------------------------------------------
     0 | D:1      | Demosthentine the Merfolk Gladiator began the quest for the
                  | Orb.
     0 | D:1      | Reached XP level 1. HP: 16/16 MP: 1/1
   395 | D:1      | Reached XP level 2. HP: 23/23 MP: 2/2
   569 | D:1      | Reached XP level 3. HP: 20/28 MP: 3/3
  1145 | D:2      | Reached skill level 5 in Polearms
  1178 | D:2      | Reached skill level 1 in Armour
  1339 | D:2      | Reached XP level 4. HP: 22/35 MP: 4/4
  1550 | D:2      | Reached skill level 5 in Dodging
  1752 | D:3      | Reached XP level 5. HP: 39/41 MP: 5/5
  1889 | D:3      | Found a faded altar of an unknown god.
  2463 | D:4      | Found a transporter.
  2463 | D:4      | Noticed Zonian's ghost (amateur VSCj)
  2479 | D:4      | Found a transporter.
  2550 | D:4      | Noticed an ogre
  2562 | D:4      | Mangled by an ogre

Illustrated notes

Levels and vault maps discovered:
D:1:      minmay_arrival_plants_in_alcoves, layout_loops_ring
D:2:      layout_basic
D:3:      layout_basic, shapermc_ecumenical_altar_mp_highgroup,
          item_on_display_a
D:4:      layout_basic, gammafunk_ghost_mausoleum, serial_corexii_hall,
          chequers_hall_statues_corner_a, chequers_hall_statues_y,
          minmay_tree_intersection, uniq_grinder

Skill      XL: |  1  2  3  4 |
---------------+-------------+-----
Polearms       | 5 |  5.9
Armour         | 1 |  1.7
Fighting       | 3 |  3.5
Dodging        | 5 |  5.3
Throwing       | |  2.0

Action                   |  1- 3 |  4- 6 || total
-------------------------+-------+-------++-------
Melee: Trident           |   103 |    88 ||   191
Throw: Throwing net      |       |     1 ||     1
  Use: Scroll            |       |     7 ||     7
 Stab: Sleeping          |       |     2 ||     2
Armor: Leather armour    |    24 |    15 ||    39
Dodge: Dodged            |    58 |    40 ||    98

Table legend: (Time is in decaauts)
 A = Elapsed time spent in this place.
 B = Non-inter-level travel time spent in this place.
 C = Inter-level travel time spent in this place.
 D = Time resting spent in this place.
 E = Time spent auto-exploring this place.
 F = Levels seen in this place.
 G = Mean time per level.
                   A        B        C        D        E       F      G
               +--------+--------+--------+--------+--------+-----+--------+
         Total |   2569 |   2449 |    120 |      0 |   2090 |   4 |  642.2 |
       Dungeon |   2569 |   2449 |    120 |      0 |   2090 |   4 |  642.2 |
               +--------+--------+--------+--------+--------+-----+--------+

Top non-repeatable levels by time:
     D:1: 1092 daAuts
     D:3: 757 daAuts
     D:2: 608 daAuts
     D:4: 111 daAuts
